 Dungeon Crawl Stone Soup version 0.23-a0-175-g97aacdb306 (webtiles) character file.

398434 Napalmbreeze the Executioner (level 22, -2/217 HPs)
             Began as a Deep Dwarf Fighter on Sept 17, 2018.
             Was the Champion of Makhleb.
             Splashed by a caustic shrike's acid (8 damage)
             ... on level 4 of the Depths.
             The game lasted 01:25:16 (37560 turns).

Napalmbreeze the Executioner (Deep Dwarf Fighter)  Turns: 37560, Time: 01:25:16

Health: -2/217     AC: 21    Str: 34    XL:     22   Next: 23%
Magic:  10/10      EV: 21    Int:  9    God:    Makhleb [******]
Gold:   3649       SH:  0    Dex: 12    Spells: 21/21 levels left

rFire    + . .     SeeInvis .   v - +3 battleaxe (venom)
rCold    + . .     Gourm    .   (shield currently unavailable)
rNeg     + . .     Faith    .   P - +5 gold dragon scales
rPois    +         Spirit   .   L - +1 hat {MR+}
rElec    .         Reflect  .   c - +1 cloak {+Inv}
rCorr    .         Harm     .   m - +0 pair of gloves
MR       +++++                  z - +2 pair of boots {Fly}
Stlth    ..........             t - amulet "Honops" {Fragile +Rage MR++ Str+4 Slay+3}
HPRegen  0.00/turn              E - +5 ring of evasion
MPRegen  0.12/turn              U - ring of poison resistance

@: corroded, flying, very slightly contaminated, non-regenerating, hasted, very
quick
A: damage resistance, heal wounds, low mp 1, negative energy resistance 1, sense
surroundings 3, no regeneration
}: 2/15 runes: decaying, serpentine
a: Heal Wounds, Minor Destruction, Lesser Servant of Makhleb, Major Destruction,
Greater Servant of Makhleb, Renounce Religion, Evoke Berserk Rage, Evoke
Invisibility, Stop Flying


You were on level 4 of the Depths.
You worshipped Makhleb.
Makhleb was exalted by your worship.
You were not hungry.

You visited 8 branches of the dungeon, and saw 40 of its levels.
You visited 1 bazaar.
You also visited: Labyrinth, Sewer and Volcano.

You collected 4913 gold pieces.
You spent 1264 gold pieces at shops.

Inventory:

Hand Weapons
 v - a +3 battleaxe of venom (weapon)
 y - a +1 battleaxe of flaming
Armour
 c - a +1 cloak of invisibility (worn)
 m - a +0 pair of gloves (worn)
 z - a +2 pair of boots of flying (worn)
 L - a +1 hat of magic resistance (worn)
 P - +5 gold dragon scales (worn)
Jewellery
 b - an uncursed ring of protection from fire
 s - a +1 ring of protection
 t - the amulet "Honops" (around neck) {Fragile +Rage MR++ Str+4 Slay+3}
   (You found it on level 2 of the Depths)

   [amulet of rage]

   It affects your strength (+4).
   It affects your accuracy and damage with ranged weapons and melee attacks
   (+3).
   It affects your resistance to hostile enchantments.
   It lets you go berserk.
   It will be destroyed if unequipped.
 E - a +5 ring of evasion (left hand)
 F - a +4 amulet of reflection
 H - a +4 ring of evasion
 M - the amulet of the Air {Inacc +Fly rElec EV+5 RMsl}
   (You found it on level 3 of the Depths)

   [amulet of inaccuracy]

   It reduces the accuracy of all your attacks.
   It affects your evasion (+5).
   It insulates you from electricity.
   It lets you fly.
   It protects you from missiles.
 U - a ring of poison resistance (right hand)
Wands
 R - a wand of iceblast (5)
 S - a wand of acid (25)
 X - a wand of random effects (29)
Scrolls
 a - a scroll of silence
 g - 6 scrolls of identify
 i - 8 scrolls of fear
 k - 2 scrolls of immolation
 l - 21 scrolls of remove curse
 r - 6 scrolls of blinking
 w - 8 scrolls of fog
 x - a scroll of summoning
 A - 16 scrolls of teleportation
 C - 9 scrolls of enchant weapon
 G - a scroll of brand weapon {unknown}
 I - 10 scrolls of amnesia
 O - 3 scrolls of holy word
 T - a scroll of acquirement {unknown}
Potions
 d - 14 potions of might
 e - 12 potions of heal wounds
 h - 6 potions of haste
 j - 8 potions of flight
 n - 4 potions of berserk rage
 o - 2 potions of agility
 p - 4 potions of ambrosia
 q - 13 potions of curing
 u - 3 potions of brilliance
 D - a potion of magic
 J - 4 potions of resistance
 K - a potion of cancellation
 Q - 12 potions of mutation
Comestibles
 f - 58 rations


   Skills:
 + Level 17.0 Fighting
 * Level 23.1 Axes
 + Level 19.6 Armour
 + Level 19.4 Dodging
   Level 3.2 Shields
 - Level 14.0 Invocations


You had 21 spell levels left.
You didn't know any spells.
Your spell library contained the following spells:

 Spells                   Type           Power        Failure   Level  Hunger
 Animate Skeleton         Necr           N/A          97%         1    ##.....
 Apportation              Tloc           #.....       97%         1    ##.....
 Beastly Appendage        Tmut           #.....       97%         1    ##.....
 Confusing Touch          Hex            #.....       97%         1    ##.....
 Corona                   Hex            #......      97%         1    ##.....
 Freeze                   Ice            #...         97%         1    ##.....
 Pain                     Necr           #...         97%         1    ##.....
 Sandblast                Erth           #.....       97%         1    ##.....
 Shock                    Conj/Air       #...         97%         1    ##.....
 Summon Butterflies       Summ           #.......     97%         1    ##.....
 Summon Small Mammal      Summ           #...         97%         1    ##.....
 Ensorcelled Hibernation  Hex/Ice        #.....       99%         2    ###....
 Passwall                 Tmut/Erth      #.......     99%         2    ###....
 Sticks to Snakes         Tmut           #.......     99%         2    ###....
 Swiftness                Chrm/Air       #.......     99%         2    ###....
 Throw Frost              Conj/Ice       #.....       99%         2    ###....
 Confuse                  Hex            #.......     100%        3    ####...
 Dazzling Spray           Conj/Hex       #.....       100%        3    ####...
 Ignite Poison            Fire/Tmut/Pois #.......     100%        3    ####...
 Lesser Beckoning         Tloc           #.........   100%        3    ####...
 Ozocubu's Armour         Chrm/Ice       #.......     100%        3    ####...
 Spider Form              Tmut/Pois      #.........   100%        3    ####...
 Static Discharge         Conj/Air       #.......     100%        3    ####...
 Stone Arrow              Conj/Erth      #.....       100%        3    ####...
 Tukima's Dance           Hex            #.......     100%        3    ####...
 Vampiric Draining        Necr           #.........   100%        3    ####...
 Airstrike                Air            #.........   100%        4    #####..
 Animate Dead             Necr           N/A          100%        4    #####..
 Cause Fear               Hex            #.........   100%        4    #####..
 Ice Form                 Ice/Tmut       #.......     100%        4    #####..
 Petrify                  Tmut/Erth      #.......     100%        4    #####..
 Summon Ice Beast         Ice/Summ       #.......     100%        4    #####..
 Throw Icicle             Conj/Ice       #.......     100%        4    #####..
 Alistair's Intoxication  Tmut/Pois      #.......     100%        5    ######.
 Blade Hands              Tmut           #.........   100%        5    ######.
 Bolt of Magma            Conj/Fire/Erth #.........   100%        5    ######.
 Fireball                 Conj/Fire      #.........   100%        5    ######.
 Iskenderun's Battlesphe  Conj/Chrm      #.......     100%        5    ######.
 Lee's Rapid Deconstruct  Erth           #.........   100%        5    ######.
 Lightning Bolt           Conj/Air       #.........   100%        5    ######.
 Silence                  Hex/Air        #.........   100%        5    ######.
 Venom Bolt               Conj/Pois      #.........   100%        5    ######.
 Yara's Violent Unravell  Hex/Tmut       #.........   100%        5    ######.
 Bolt of Fire             Conj/Fire      #.........   100%        6    #######
 Conjure Ball Lightning   Conj/Air       #.........   100%        6    #######
 Deflect Missiles         Chrm/Air       #.........   100%        6    #######
 Invisibility             Hex            #.......     100%        6    #######
 Iron Shot                Conj/Erth      #.........   100%        6    #######
 Malign Gateway           Summ/Tloc      #.........   100%        7    #######
 Monstrous Menagerie      Summ           #.........   100%        7    #######
 Orb of Destruction       Conj           #.........   100%        7    #######
 Ring of Flames           Chrm/Fire      #.........   100%        7    #######
 Spellforged Servitor     Conj/Summ      #.........   100%        7    #######
 Summon Greater Demon     Summ           #.........   100%        7    #######
 Discord                  Hex            #.........   100%        8    #######
 Ignition                 Fire           #.........   100%        8    #######
 Summon Horrible Things   Summ           #.........   100%        8    #######
 Regeneration             Chrm/Necr      Unusable     N/A         3    N/A

Dungeon Overview and Level Annotations

Branches:
Dungeon (15/15)            Temple (1/1) D:5            Lair (6/6) D:10
  Swamp (4/4) Lair:2        Snake (4/4) Lair:3        Slime (0/5) Lair:5
    Orc (2/2) D:10            Elf (0/3) Orc:2        Vaults (4/5) D:13
  Crypt (0/3) Vaults:3     Depths (4/5) D:15

Altars:
Ashenzari
Fedhas
Gozag
Makhleb
Nemelex Xobeh
Qazlal
Vehumet
Wu Jian
Xom
Yredelemnul
The Shining One
Beogh

Shops:
D:6 =   D:11 =   D:15 =([   Orc:2 *[**   Snake:1 [

Portals:
Hell: Depths:1 Depths:2 Depths:3
Abyss: Depths:1 Depths:3
Pandemonium: Depths:1 Depths:3
Trove: D:11 (give +2 shadow dragon scales)

Annotations:
D:3 3 runed doors, Ablot's ghost, amateur GnSk
D:10 exclusions: door and 2 more exclusions
Vaults:3 1 runed door, Qyisuosupp's ghost, adept MiBe


Innate Abilities, Weirdness & Mutations

You are resistant to damage.
You can heal yourself by infusing magical energy.
You resist negative energy. (rN+)
You passively map a large area around you.
You do not regenerate.
Your magical capacity is low. (-10% MP)


Message History

The caustic shrike claws you!
* * * LOW HITPOINT WARNING * * *
The acid corrodes you!
You are splashed with acid!
The acid burns!
* * * LOW HITPOINT WARNING * * *
The rakshasa hits you with a trident.
* * * LOW HITPOINT WARNING * * *
The rakshasa blinks! x2
Blink to where?
Press: ? - help, Dir - move target cursor You are very lightly contaminated with residual magic.
As you read the scroll of blinking, it crumbles to dust.
The deep elf high priest is no longer giving off an aura.
The rakshasa blinks!
You feel yourself speed up.
You kill the rakshasa!
Makhleb accepts your kill. The caustic shrike claws you!!
* * * LOW HITPOINT WARNING * * *
You are splashed with acid!
The acid burns!
You die...

,, * ##...≈≈≈≈.<..# ,
, * #...≈≈≈≈.....# *
#...≈≈≈≈.....# ,
#.############ *
#.#** * *, ,#.# * , *
#.#, , * , * #.#.# *
* *#.#@# * *, , #.*,
#.#b# , .....*
#.#,*#.#.#,* .....
,#.#, #.#.# * *
,....#+#.#+##.#D# , ,
* #......./...#.#####
*,#.......R.........#
* * *
#....).Rbb..#.###.# *
,#..*Q.......#.....#


You could see a caustic shrike and a quicksilver dragon.

Vanquished Creatures
  A juggernaut (Depths:2)
  Xtahua (Depths:4)
  A golden dragon (Depths:2)
  2 caustic shrikes
  A lich (Depths:2)
  A tentacled monstrosity (Depths:2)
  2 titans
  A quicksilver dragon (shapeshifter) (Depths:3)
  An acid blob (shapeshifter) (Depths:3)
  Gastronok (D:9)
  A tengu reaver (Vaults:4)
  An ancient champion (Vaults:3)
  Agnes (Snake:3)
  2 thorn hunters (Swamp:4)
  2 storm dragons (Depths:2)
  3 nagarajas
  A fire giant (Vaults:3)
  9 vault wardens
  4 iron dragons (Depths:1)
  2 frost giants
  4 ironheart preservers
  5 war gargoyles (Depths:3)
  2 spriggan defenders (Depths:2)
  13 very ugly things
  14 stone giants
  A vampire knight (Depths:1)
  2 deep elf demonologists (Vaults:2)
  2 entropy weavers (Vaults:3)
  A dire elephant (D:15)
  Azrael (D:15)
  5 deep elf annihilators (Vaults:2)
  2 ettins
  7 crystal guardians (Depths:3)
  A blizzard demon (Depths:3)
  A deep elf high priest (Depths:2)
  5 fire dragons
  5 great orbs of eyes
  A deep elf death mage (Vaults:4)
  7 yaktaur captains
  5 jiangshi (Depths:2)
  5 rakshasas
  20 naga warriors
  26 hydras
  10 ogre magi
  4 ice dragons
  A catoblepas (Lair:4)
  A ghost crab (Swamp:4)
  8 vault guards
  Erica (D:10)
  2 shambling mangroves (Swamp:4)
  A spriggan air mage (Depths:3)
  10 anacondas
  29 two-headed ogres
  11 centaur warriors
  18 dancing weapons (Depths:3)
  A two-headed ogre (shapeshifter) (Vaults:3)
  5 death yaks (Lair:2)
  6 deep troll earth magi
  7 alligators
  13 naga sharpshooters
  7 tengu warriors
  6 deep troll shamans (Depths:2)
  A shock serpent (shapeshifter) (Depths:3)
  4 vampire magi
  A spriggan berserker (Depths:2)
  A soul eater (Depths:1)
  6 hell knights
  4 deep elf knights
  9 shock serpents
  2 iron trolls (Depths:2)
  5 skeletal warriors (D:14)
  4 unseen horrors
  3 salamander mystics
  2 sea snakes (Snake:4)
  6 glowing orange brains (Depths:3)
  16 deep trolls
  5 flayed ghosts
  2 spriggan druids
  A swamp dragon (shapeshifter) (Vaults:1)
  6 naga ritualists
  10 swamp dragons
  10 deep elf archers
  16 ironbrand convokers
  5 wizards
  4 obsidian statues (Depths:3)
  A phantasmal warrior (Vaults:3)
  A lindwurm (Lair:6)
  A harpy (shapeshifter) (Vaults:3)
  11 harpies (Vaults:3)
  6 mana vipers
  13 orc knights
  2 necromancers
  6 cyclopes
  7 wolf spiders
  A fire giant zombie (Vaults:2)
  A wolf spider zombie (D:14)
  An oklob plant (D:10)
  10 deep elf magi
  A stone giant zombie (Vaults:1)
  2 orc sorcerers
  3 manticores
  15 salamanders
  51 ugly things
  A glowing shapeshifter (Depths:3)
  A smoke demon (Volcano)
  2 human skeletons
  Maurice (D:8)
  7 molten gargoyles
  7 gargoyles
  42 black mambas
  9 vault sentinels
  4 rust devils (Depths:1)
  19 naga magi
  6 guardian serpents
  20 spiny frogs
  A torpor snail (shapeshifter) (Depths:3)
  A hellion (Depths:1)
  A kobold demonologist (D:14)
  2 freezing wraiths
  A rime drake (Lair:6)
  45 yaktaurs
  13 komodo dragons
  3 red devils (Volcano)
  2 hellwings (Depths:1)
  A jumping spider (shapeshifter) (Vaults:3)
  A jumping spider (Vaults:3)
  7 trolls
  16 tyrant leeches
  A wind drake (Depths:3)
  3 polar bears
  10 blink frogs
  A harpy zombie (D:15)
  A snapping turtle (shapeshifter) (Depths:3)
  6 hornets
  A slime creature (shapeshifter) (Depths:3)
  A meliai zombie (D:13)
  4 bog bodies
  7 hippogriffs
  27 slime creatures
  6 redbacks (Vaults:3)
  2 shadows
  9 water elementals
  4 air elementals (Depths:3)
  3 spriggans
  56 yaks
  6 wraiths
  10 fire bats
  4 wyverns
  9 fire elementals
  A tarantella (Vaults:3)
  A human (D:7)
  Grum (D:8)
  2 vampires
  2 basilisks (Lair:6)
  4 hungry ghosts
  2 steam dragons (Lair:6)
  18 vampire mosquitoes
  3 hogs (D:7)
  10 wargs
  43 nagas
  A soldier ant (D:13)
  10 swamp worms
  12 insubstantial wisps
  A swamp worm (shapeshifter) (Depths:3)
  13 water moccasins
  2 floating eyes (shapeshifter) (Depths:3)
  3 porcupines
  5 hell hounds
  18 swamp drakes
  A black bear (Lair:5)
  31 orc warriors
  2 eyes of draining
  2 ice beasts
  A human zombie (Vaults:2)
  5 necrophages
  4 sky beasts
  37 ogres
  3 phantoms
  A boggart (Lair:5)
  16 wolves
  14 centaurs
  6 crocodiles
  A big kobold (shapeshifter) (Vaults:1)
  2 big kobolds (D:8)
  19 bullfrogs
  2 wyvern zombies
  A deep troll simulacrum (Vaults:1)
  An ogre simulacrum (Vaults:1)
  5 earth elementals (Depths:3)
  A gnoll sergeant (D:9)
  A human simulacrum (Vaults:3)
  A scorpion (D:6)
  A wyvern skeleton (D:10)
  6 killer bees
  A howler monkey (D:8)
  14 wights
  2 electric eels (Lair:3)
  9 crimson imps
  A yaktaur simulacrum (Vaults:1)
  11 lava snakes
  2 bullfrog zombies
  2 centaur zombies
  2 hounds
  13 orc priests
  A quasit (D:14)
  A bullfrog skeleton (D:6)
  4 jellies
  5 centaur skeletons
  5 iguanas
  Natasha (D:2)
  18 orc wizards
  11 worker ants
  2 mummies (D:9)
  A howler monkey zombie (D:9)
  A worker ant zombie (D:9)
  12 gnolls
  17 adders
  7 river rats (Sewer)
  5 shadow imps
  An ooze (D:4)
  An adder skeleton (D:5)
  An adder zombie (D:7)
  3 worms
  2 dart slugs
  8 leopard geckos
  122 orcs
  3 bats (D:2)
  5 giant cockroaches
  8 goblins
  6 hobgoblins
  13 jackals
  5 quokkas
  7 ball pythons
  11 frilled lizards
  15 kobolds
  2 leopard gecko skeletons
  2 quokka skeletons
  23 rats
  A briar patch (Swamp:4)
  3 fungi
  7 plants
  A withered plant (D:9)
1668 creatures vanquished.

Vanquished Creatures (collateral kills)
  4 nagarajas (Snake:4)
  An ironheart preserver (Vaults:2)
  A stone giant (Vaults:2)
  An entropy weaver (Vaults:1)
  The ghost of Napalmbreeze the Tortoise, a journeyman DDFi of Makhleb (Lair:5)
  A war gargoyle (Depths:3)
  A minotaur (Lab)
  A crystal guardian (Depths:3)
  A yaktaur captain (Vaults:1)
  2 rakshasas
  An ice dragon (Depths:4)
  4 hydras
  3 naga warriors (Snake:4)
  A centaur warrior (Vaults:2)
  An ogre mage (Vaults:2)
  An anaconda (Snake:4)
  A naga sharpshooter (Snake:4)
  A wizard (Vaults:2)
  A naga ritualist (Snake:4)
  An ironbrand convoker (Vaults:2)
  3 orc knights (Vaults:2)
  A necromancer (Vaults:2)
  A salamander (Snake:4)
  A vault sentinel (Vaults:2)
  2 black mambas (Snake:4)
  12 naga magi (Snake:4)
  A spiny frog (Lair:5)
  A hornet (Lair:5)
  A spriggan (Lair:5)
  4 yaks
  7 nagas (Snake:4)
  3 porcupines
  2 water moccasins (Lair:4)
  A black bear (Lair:5)
  An orc warrior (Vaults:2)
  A crocodile (Lair:4)
  3 bullfrogs
  3 earth elementals (Depths:3)
77 creatures vanquished.

Vanquished Creatures (others)
  A lich (Vaults:3)
  Asterion (Vaults:2)
  A fire giant (Depths:2)
  A dancing weapon (Depths:3)
  A spriggan druid (Swamp:4)
  A glowing orange brain (Depths:3)
  A spiny frog (Swamp:4)
  2 fire elementals (Depths:3)
  2 swamp worms (Swamp:4)
  A swamp drake (Swamp:4)
  A hound (D:8)
  A worker ant (D:8)
  7 ball lightnings (Depths:3)
  An orc (Orc:1)
  2 giant cockroaches
  4 fungi
  39 plants
67 creatures vanquished.

Grand Total: 1812 creatures vanquished

Notes
Turn   | Place    | Note
-------+----------+-------------------------------------------
     0 | D:1      | Napalmbreeze the Deep Dwarf Fighter began the quest for the
                  | Orb.
     0 | D:1      | Reached XP level 1. HP: 20/20 MP: 1/1
   220 | D:1      | Reached XP level 2. HP: 24/27 MP: 2/2
   746 | D:2      | Reached skill level 3 in Axes
   746 | D:2      | Reached skill level 1 in Dodging
   746 | D:2      | Reached XP level 3. HP: 24/33 MP: 3/3
  1054 | D:2      | Reached XP level 4. HP: 30/42 MP: 4/4
  1373 | D:2      | Noticed Natasha
  1379 | D:2      | Killed Natasha
  1433 | D:2      | Reached skill level 4 in Axes
  1535 | D:3      | Reached XP level 5. HP: 33/49 MP: 5/5
  2094 | D:3      | Found a runed gate.
  2094 | D:3      | Noticed Ablot's ghost (amateur GnSk)
  2096 | D:3      | Found a runed gate.
  2096 | D:3      | Found a runed gate.
  2365 | D:4      | Noticed a phantom
  2372 | D:4      | Killed a phantom
  2372 | D:4      | Reached XP level 6. HP: 34/57 MP: 6/6
  2493 | D:4      | Found a radiant altar of Vehumet.
  2965 | D:4      | Reached skill level 5 in Axes
  3151 | D:5      | Entered Level 5 of the Dungeon
  3247 | D:5      | Reached XP level 7. HP: 30/64 MP: 6/6
  3269 | D:5      | Found a staircase to the Ecumenical Temple.
  3300 | Temple   | Entered the Ecumenical Temple
  3325 | Temple   | Became a worshipper of Makhleb the Destroyer
  3394 | D:5      | Reached skill level 6 in Axes
  3394 | D:5      | Reached skill level 5 in Armour
  3661 | D:5      | Found a stormy altar of Qazlal.
  4172 | D:6      | Noticed a troll
  4175 | D:6      | Reached XP level 8. HP: 48/73 MP: 7/7
  4182 | D:6      | Reached skill level 7 in Axes
  4185 | D:6      | Killed a troll
  4194 | D:6      | Found Joaruyruity's Jewellery Boutique.
  4294 | D:6      | Found a glowing drain.
  4298 | Sewer    | Entered a sewer
  4308 | Sewer    | Reached skill level 5 in Fighting
  4315 | Sewer    | Reached * piety under Makhleb
  4925 | D:6      | Reached skill level 5 in Dodging
  4937 | D:6      | Reached skill level 8 in Axes
  5165 | D:7      | Noticed a hippogriff
  5179 | D:6      | Killed a hippogriff
  5179 | D:6      | Gained mutation: You passively map the area around you.
                  | [Deep Dwarf growth]
  5179 | D:6      | Reached XP level 9. HP: 46/81 MP: 0/6
  5526 | D:7      | Reached ** piety under Makhleb
  5739 | D:7      | Reached skill level 9 in Axes
  5751 | D:7      | You fall through a shaft!
  5874 | D:8      | Noticed a manticore
  5887 | D:8      | Killed a manticore
  5984 | D:8      | You fall through a shaft!
  6040 | D:9      | Noticed Gastronok
  6056 | D:9      | Killed Gastronok
  6056 | D:9      | Reached skill level 10 in Axes
  6056 | D:9      | Reached XP level 10. HP: 71/92 MP: 5/8
  6205 | D:8      | Noticed Maurice
  6223 | D:8      | Killed Maurice
  6414 | D:8      | Reached *** piety under Makhleb
  6461 | D:8      | Found a shimmering altar of Xom.
  6574 | D:8      | Noticed Grum
  6583 | D:8      | Killed Grum
  6583 | D:8      | Reached skill level 11 in Axes
  6945 | D:7      | Reached skill level 5 in Invocations
  7357 | D:9      | Found a roughly hewn altar of Beogh.
  7445 | D:9      | Reached XP level 11. HP: 42/100 MP: 11/11
  7470 | D:9      | Reached **** piety under Makhleb
  8432 | D:10     | Entered Level 10 of the Dungeon
  8455 | D:10     | Reached skill level 12 in Axes
  8506 | D:10     | Noticed an oklob plant
  8507 | D:10     | Found a staircase to the Lair.
  8521 | D:10     | Killed an oklob plant
  8528 | D:10     | Noticed a two-headed ogre
  8531 | D:10     | Reached ***** piety under Makhleb
  8536 | D:10     | Killed a two-headed ogre
  8923 | D:10     | Noticed Erica
  8936 | D:10     | Killed Erica
  9188 | D:10     | Found a staircase to the Orcish Mines.
  9234 | Lair:1   | Entered Level 1 of the Lair of Beasts
  9599 | Lair:1   | Reached XP level 12. HP: 49/112 MP: 12/12
  9676 | Lair:1   | Reached skill level 10 in Armour
 10331 | Lair:2   | Found a labyrinth entrance.
 10344 | Lab      | Entered a labyrinth
 10606 | Lab      | Noticed a minotaur
 10627 | Lab      | Killed a minotaur
 10804 | Lair:2   | Found a staircase to the Swamp.
 10881 | Lair:2   | Noticed a death yak
 10882 | Lair:2   | Noticed a death yak
 10883 | Lair:2   | Noticed a death yak
 10883 | Lair:2   | Noticed a death yak
 10883 | Lair:2   | Noticed a death yak
 10923 | Lair:2   | Killed a death yak
 10931 | Lair:2   | Killed a death yak
 10934 | Lair:2   | Killed a death yak
 10934 | Lair:2   | Reached skill level 13 in Axes
 10954 | Lair:2   | Killed a death yak
 10963 | Lair:2   | Killed a death yak
 10963 | Lair:2   | Reached skill level 10 in Dodging
 11701 | Lair:3   | Found a dark tunnel.
 11710 | Volcano  | Entered a volcano
 11820 | Volcano  | Found a bloodstained altar of Trog.
 12024 | Lair:3   | Reached XP level 13. HP: 92/121 MP: 15/15
 12102 | Lair:3   | Reached skill level 10 in Invocations
 12144 | Lair:3   | Found a staircase to the Snake Pit.
 12587 | Lair:4   | Reached ****** piety under Makhleb
 13506 | Lair:5   | Reached skill level 10 in Fighting
 13582 | Lair:5   | Reached skill level 14 in Axes
 13701 | Lair:5   | Found a runed door.
 13808 | Lair:5   | Noticed Napalmbreeze's ghost (journeyman DDFi)
 13826 | Lair:5   | Killed Napalmbreeze's ghost
 13851 | Lair:5   | Got a crude spear {holy}
 14013 | Lair:5   | Found a staircase to the Slime Pits.
 14156 | Lair:6   | Entered Level 6 of the Lair of Beasts
 14448 | Lair:5   | Gained mutation: You are occasionally teleported next to
                  | monsters. [potion of mutation]
 14448 | Lair:5   | Gained mutation: You are weak. (Str -2) [potion of
                  | mutation]
 14448 | Lair:5   | Lost mutation: You are weak. (Str -2) [potion of mutation]
 14448 | Lair:5   | Gained mutation: You have a pair of small horns on your
                  | head. [potion of mutation]
 14449 | Lair:5   | Lost mutation: You have a pair of small horns on your head.
                  | [potion of mutation]
 14449 | Lair:5   | Lost mutation: You are occasionally teleported next to
                  | monsters. [potion of mutation]
 14449 | Lair:5   | Gained mutation: Scrolls take you a little longer to read.
                  | [potion of mutation]
 14449 | Lair:5   | Gained mutation: Your magical capacity is low. (-10% MP)
                  | [potion of mutation]
 14449 | Lair:5   | Lost mutation: Scrolls take you a little longer to read.
                  | [potion of mutation]
 14594 | Lair:6   | Gained mutation: You resist negative energy. (rN+) [Deep
                  | Dwarf growth]
 14594 | Lair:6   | Reached XP level 14. HP: 125/133 MP: 15/15
 14765 | Lair:6   | Found a large runed door.
 14766 | Lair:6   | Found a large runed door.
 15707 | D:11     | Found a sparkling altar of Nemelex Xobeh.
 15845 | D:11     | Found a portal to a secret trove of treasure.
 16020 | D:11     | Found Veaclu Qito's Jewellery Emporium.
 17315 | D:13     | Found a gate to the Vaults.
 17755 | D:14     | Reached skill level 15 in Axes
 17919 | D:14     | Found a shattered altar of Ashenzari.
 18344 | D:14     | Reached XP level 15. HP: 108/142 MP: 17/17
 18521 | D:15     | Entered Level 15 of the Dungeon
 18521 | D:15     | Found Lalugg's Jewellery Shoppe.
 18702 | D:15     | Found Lisaijod's Antique Weapon Emporium.
 18711 | D:15     | Found Cehuqeul's Antique Armour Boutique.
 19010 | D:15     | Found a staircase to the Depths.
 19061 | D:15     | Noticed Azrael
 19075 | D:15     | Killed Azrael
 19232 | D:15     | Found a glowing golden altar of the Shining One.
 19814 | Orc:1    | Entered Level 1 of the Orcish Mines
 20117 | Orc:2    | Entered Level 2 of the Orcish Mines
 20480 | Orc:2    | Identified the +5 spear of Ehuicki {holy, rF+} (You took it
                  | off a spriggan on level 5 of the Lair of Beasts)
 20743 | Orc:2    | Found Wueteaph's General Store.
 20743 | Orc:2    | Found Jezusk's Assorted Antiques.
 20747 | Orc:2    | Found Opevy's General Store.
 20747 | Orc:2    | Found Quol's Antique Armour Shop.
 20776 | Orc:2    | Bought a slimy plate armour for 896 gold pieces
 20786 | Orc:2    | Identified the +7 plate armour of Sagien {Int+2} (You
                  | bought it in a shop on level 2 of the Orcish Mines)
 20946 | Orc:2    | Found a staircase to the Elven Halls.
 21217 | Swamp:1  | Entered Level 1 of the Swamp
 21488 | Swamp:1  | Reached skill level 16 in Axes
 21488 | Swamp:1  | Reached XP level 16. HP: 90/152 MP: 18/18
 23264 | Swamp:4  | Entered Level 4 of the Swamp
 23477 | Swamp:4  | Noticed a thorn hunter
 23503 | Swamp:4  | Killed a thorn hunter
 23644 | Swamp:4  | Reached skill level 15 in Armour
 23693 | Swamp:4  | Noticed a thorn hunter
 23705 | Swamp:4  | Killed a thorn hunter
 23756 | Swamp:4  | Got a decaying rune of Zot
 24170 | Snake:1  | Entered Level 1 of the Snake Pit
 24262 | Snake:1  | Found Xofahia's Armour Shop.
 24271 | Snake:1  | Reached skill level 15 in Dodging
 24359 | Snake:1  | Reached XP level 17. HP: 164/164 MP: 19/19
 24424 | Snake:1  | Reached skill level 17 in Axes
 26136 | Snake:3  | Found an opulent altar of Gozag.
 26280 | Snake:3  | Noticed Agnes
 26297 | Snake:3  | Killed Agnes
 26538 | Snake:3  | Found a runed door.
 26709 | Snake:3  | Identified the Grimoire of Cankerous Flight
 26717 | Snake:3  | Got a pitted plate armour
 26723 | Snake:3  | Identified the +2 plate armour of Wanylait {-Tele rN+ rCorr
                  | Str+2} (You found it on level 3 of the Snake Pit)
 26789 | Snake:4  | Entered Level 4 of the Snake Pit
 26863 | Snake:4  | Gained mutation: You passively map a large area around you.
                  | [Deep Dwarf growth]
 26863 | Snake:4  | Reached XP level 18. HP: 149/175 MP: 18/18
 26896 | Snake:4  | Reached skill level 18 in Axes
 27731 | Snake:4  | Got a serpentine rune of Zot
 28074 | Vaults:1 | Entered Level 1 of the Vaults
 28836 | Vaults:1 | Reached skill level 19 in Axes
 29701 | Vaults:2 | Reached XP level 19. HP: 184/184 MP: 18/18
 29955 | Vaults:2 | Noticed Asterion
 29972 | Vaults:2 | Killed Asterion
 30305 | Vaults:2 | Reached skill level 15 in Fighting
 31024 | Vaults:3 | Reached skill level 20 in Axes
 31107 | Vaults:3 | Found a staircase to the Crypt.
 31782 | Vaults:3 | Reached XP level 20. HP: 195/195 MP: 19/19
 31843 | Vaults:3 | Found a runed door.
 31843 | Vaults:3 | Noticed Qyisuosupp's ghost (adept MiBe)
 32479 | Vaults:4 | Found a flickering gateway to a bazaar.
 32488 | Bazaar   | Entered a bazaar
 32490 | Bazaar   | Found Xuppei Geid's Antique Armour Boutique.
 32494 | Bazaar   | Found Ismugg's General Store.
 32494 | Bazaar   | Found Toquesae's Assorted Antiques.
 32495 | Bazaar   | Found Nesat's Distillery.
 32526 | Bazaar   | Bought a potion of haste for 160 gold pieces
 32526 | Bazaar   | Bought a scroll of blinking for 120 gold pieces
 32543 | Bazaar   | Bought 2 potions of might for 88 gold pieces
 32946 | Vaults:4 | Reached skill level 21 in Axes
 33828 | Depths:1 | Entered Level 1 of the Depths
 33832 | Depths:1 | Found a gateway to Hell.
 33958 | Depths:1 | Found a one-way gate leading to the halls of Pandemonium.
 34281 | Depths:1 | Found a one-way gate to the infinite horrors of the Abyss.
 34993 | Depths:2 | Reached XP level 21. HP: 205/205 MP: 18/18
 35190 | Depths:2 | Reached skill level 22 in Axes
 35219 | Depths:2 | Noticed a golden dragon
 35248 | Depths:2 | Killed a golden dragon
 35263 | Depths:2 | Noticed a juggernaut
 35376 | Depths:2 | Killed a juggernaut
 35537 | Depths:2 | Noticed a caustic shrike
 35551 | Depths:2 | Killed a caustic shrike
 35614 | Depths:2 | Got a slimy golden amulet
 35636 | Depths:2 | Identified the amulet "Honops" {Fragile +Rage MR++ Str+4
                  | Slay+3} (You found it on level 2 of the Depths)
 36473 | Depths:3 | Paralysed by a floating eye for 4 turns
 36816 | Depths:3 | Noticed a golden dragon
 36818 | Depths:3 | a golden dragon changed into a shadow dragon
 36914 | Depths:3 | Reached XP level 22. HP: 216/216 MP: 10/10
 36955 | Depths:3 | Found the amulet of the Air {Inacc +Fly rElec EV+5 RMsl}
 37028 | Depths:3 | Reached skill level 23 in Axes
 37176 | Depths:3 | Got a brightly glowing plate armour
 37178 | Depths:3 | Identified the cursed +1 plate armour of the Grue {*Corrode
                  | rPois Slay+2} (You found it on level 3 of the Depths)
 37521 | Depths:4 | Noticed Xtahua
 37521 | Depths:4 | Noticed a caustic shrike
 37535 | Depths:4 | Noticed a caustic shrike
 37537 | Depths:4 | Killed a caustic shrike
 37542 | Depths:4 | Killed Xtahua
 37560 | Depths:4 | HP: 6/217 [caustic shrike (23)]
 37560 | Depths:4 | Splashed by a caustic shrike's acid

Vault maps used:
D:1:      zelgadis_glass_arrival_small
D:2:      uniq_natasha
D:3:      first_ration, gammafunk_ghost_nasty_kobolds
D:4:      fiery_altar_vehumet
D:5:      minmay_temple_entry_grid, basic_altar
D:6:      gup_sewer_entry_bowl, serial_shops, shop
D:7:      grunt_livestock, minivault_10, corexii_checkpoint_b
D:8:      xom_confusion_cloud, uniq_grum, uniq_maurice
D:9:      serial_undead, serial_undead_b, serial_undead_b, serial_undead_d,
          serial_undead_e, serial_undead_d, serial_undead_c, serial_undead_d,
          uniq_gastronok
D:10:     cheibrodos_two_vegetables, dpeg_oklobed_lair, orc_0_dummy, uniq_erica
D:11:     enter_trove_2, serial_shops, shop_statue,
          nemelex_xobeh_ov_fountains_minmay
D:13:     lightli_vaults_fourway_checkpoint
D:14:     ashenzari_altar_1
D:15:     hangedman_depths_entry_try_elsewhere_first, tso_metal_star,
          serial_shops, nicolae_shop_crystal, nicolae_shop_overgrown_old_shop,
          shop_fountains, uniq_azrael
Temple:   regret_index_temple_sigil_plot
Lair:1:   beast_lair_carwin_3
Lair:2:   minmay_swamp_entry_swarm, lab_entry_generic, grunt_forest_stairs_basic
Lair:3:   enter_volcano_1, serial_bayou_shore_a, serial_bayou_shore_b
Lair:4:   cheibrodos_lair_river_kwai
Lair:5:   dpeg_slime_entry_corner, ebering_ghost_funeral_grove
Lair:6:   cheibrodos_lair_end_hotspot
Swamp:1:  evilmike_swamp_ruin_house_2, swamp_pool5, infiniplex_staircase_pool
Swamp:2:  serial_swamp_ruin, evilmike_swamp_ruin_rubble_2,
          evilmike_swamp_ruin_house_4, evilmike_swamp_ruin_house_6
Swamp:3:  evilmike_swamp_ruin_rubble_1
Swamp:4:  swamp
Snake:1:  minmay_shop_star
Snake:2:  grunt_megastairs_1
Snake:3:  basic_altar, nicolae_snake_round_shape_thing, lightli_airlock,
          uniq_agnes
Snake:4:  snake_pit, serial_bayou_pond_a, hangedman_snake_corridor_cut,
          serial_bayou_shore_b, serial_bayou_shore_b
Orc:2:    st_orc_ogre_mass
Vaults:1: nicolae_vaults_network_square, st_smaller_cells, vaults_room_grid,
          v_alt_pattern_5, nicolae_vaults_alarming, vaults_dpeg_encased_lava,
          ontoclasm_vaults_decontamination, nicolae_vaults_little_squares_3,
          vaults_room_grid, vaults_room_stairs_pillars
Vaults:2: nicolae_vaults_disjoint_gnomons, v_misc_26,
          nicolae_vaults_angled_halls, nicolae_vaults_disjoint_gnomons,
          vaults_dpeg_ring, ontoclasm_vaults_shout, vaults_dpeg_cross,
          nicolae_vaults_stairing_the_circle, v_rooms_5, v_misc_10,
          ontoclasm_vaults_twist, nicolae_vaults_little_squares_4,
          vaults_room_hallway, grunt_vaults_hallway_short, uniq_asterion
Vaults:3: ebering_vaults_ghost_inner_flame, v_alt_pattern_2, v_misc_28,
          v_misc_16, vaults_room_ringed_pool, nicolae_vaults_triangles,
          nicolae_vaults_asterisk, nicolae_vaults_little_squares_2,
          nicolae_vaults_windows_and_doors_thing,
          minmay_crypt_entry_simple_round, nicolae_vaults_big_angled_halls,
          v_misc_31, nicolae_vaults_angled_halls,
          vaults_standard_mumra_enter_the_diamond, nicolae_vaults_shelves_hall
Vaults:4: hangedman_vaults_cutoff, hangedman_vaults_corner_blocks, v_pattern_1,
          vaults_standard_mumra_lines, nicolae_vaults_network_periphery,
          v_alt_pattern_1, grunt_vaults_funnel, hangedman_vaults_maws,
          ontoclasm_vaults_ring_small, ontoclasm_vaults_pinch, v_misc_13,
          serial_shops, bzr_entry_dummy
Depths:1: hell_entry, rand_demon_pan_entry_5, minmay_crystal_water,
          hangedman_abyss_entry_splay, minmay_metal_thing, firewood_loft,
          serial_bayou_shore_b, serial_bayou_shore_b
Depths:2: minmay_nine_rooms, pf_hell_entry_tar_spiral, serial_bayou_lagoon_a
Depths:3: radiant_caverns_b_rkd, abyss_entry, hell_entry, pan_entry
Depths:4: nicolae_legendary_halls, enter_ziggurat_f, abyss_entry,
          kennysheep_boxes, hell_entry, infiniplex_staircase_river, uniq_xtahua
Lab:      labyrinth_hidden_loot, labyrinth_skeletal_remains
Bazaar:   bazaar_minmay_cross
Sewer:    sewer_co_cracked_pipes
Volcano:  volcano_grotto

Skill      XL: |  1  2  3  4  5  6  7  8  9 10 11 12 13 14 15 16 17 18 19 20 21 22 |
---------------+-------------------------------------------------------------------+-----
Axes           | 3 4 5 6 8 10 11 12 13 14 15 16 17 19 20 21 22 23 | 23.1
Dodging        | 1 2 3 4 5 7 8 9 10 11 12 13 15 16 17 18 19 | 19.4
Fighting       | 3 4 5 6 7 8 9 10 11 12 13 14 15 16 17 | 17.0
Armour         | 4 5 6 8 9 11 12 13 14 15 16 17 18 19 | 19.6
Invocations    | 3 5 7 9 11 13 14 | 14.0
Shields        | |  3.2

Action                   |  1- 3 |  4- 6 |  7- 9 | 10-12 | 13-15 | 16-18 | 19-21 | 22-24 || total
-------------------------+-------+-------+-------+-------+-------+-------+-------+-------++-------
Melee: War axe           |    83 |   245 |    93 |       |       |       |       |       ||   421
       Battleaxe         |       |       |   214 |   610 |  1264 |  1523 |  1734 |   129 ||  5474
Invok: Lesser Servant of |       |       |       |     3 |     9 |       |       |       ||    12
       Major Destruction |       |       |       |       |     5 |       |       |       ||     5
       Greater Servant o |       |       |       |       |     3 |     8 |     3 |     4 ||    18
 Abil: Heal Wounds       |       |     6 |     9 |    11 |     5 |    18 |    21 |       ||    70
       Evoke Invisibilit |       |       |       |       |       |     1 |       |       ||     1
  Use: Scroll            |     3 |       |     4 |    11 |     2 |    13 |    10 |     2 ||    45
       Potion            |       |       |       |       |    13 |     3 |       |     1 ||    17
 Stab: Distracted        |       |       |       |       |     2 |    10 |     2 |     1 ||    15
       Invisible         |       |       |       |       |       |     1 |       |       ||     1
  Eat: Chunk             |     1 |     5 |     8 |    14 |    25 |    15 |    18 |       ||    86
       Ration            |       |     1 |       |     3 |     3 |     4 |     2 |     1 ||    14
Armor: Scale mail        |    40 |   102 |   142 |    84 |       |       |       |       ||   368
       Plate armour      |       |       |       |   113 |   970 |   915 |   513 |       ||  2511
       Gold dragon scale |       |       |       |       |       |       |   194 |    59 ||   253
Dodge: Dodged            |    30 |    69 |   220 |   513 |  1367 |  1529 |  1188 |   121 ||  5037
Block: Shield            |    45 |   106 |    46 |       |       |       |       |       ||   197
       Other             |       |       |       |    45 |   323 |   326 |   221 |       ||   915
       Reflection        |       |       |       |       |    10 |    12 |    16 |       ||    38

Table legend:
 A = Non-vault XP
 B = Vault XP
 C = Vault XP percentage of total XP
 D = Non-vault monster count
 E = Vault monster count
 F = Vault count percentage of total count
                 A         B        C        D         E       F
            +---------+---------+-------+---------+---------+-------
      Total |  422034 |  316551 |  42.9 |    1163 |     578 |  33.2
            +---------+---------+-------+---------+---------+-------
        D:1 |      29 |       0 |   0.0 |      16 |       0 |   0.0
        D:2 |     127 |      36 |  22.1 |      29 |       1 |   3.3
        D:3 |     151 |       0 |   0.0 |      29 |       0 |   0.0
        D:4 |     138 |       0 |   0.0 |       8 |       0 |   0.0
        D:5 |     619 |       0 |   0.0 |      22 |       0 |   0.0
        D:6 |    1582 |       8 |   0.5 |      21 |       4 |  16.0
        D:7 |     690 |     979 |  58.7 |      22 |       7 |  24.1
        D:8 |     969 |    2016 |  67.5 |      30 |      11 |  26.8
        D:9 |    1770 |    3605 |  67.1 |      38 |      39 |  50.6
       D:10 |    4470 |    2195 |  32.9 |      23 |       5 |  17.9
       D:11 |    4975 |       0 |   0.0 |      30 |       0 |   0.0
       D:12 |    3667 |       0 |   0.0 |      16 |       0 |   0.0
       D:13 |    6741 |    5540 |  45.1 |      30 |      12 |  28.6
       D:14 |    8699 |       0 |   0.0 |      29 |       0 |   0.0
       D:15 |   11962 |    4834 |  28.8 |      36 |      10 |  21.7
     Lair:1 |    2289 |    1954 |  46.1 |       8 |       5 |  38.5
     Lair:2 |    6934 |     518 |   7.0 |      17 |       3 |  15.0
     Lair:3 |    4840 |       0 |   0.0 |      25 |       0 |   0.0
     Lair:4 |    5650 |    2085 |  27.0 |      26 |       8 |  23.5
     Lair:5 |    5346 |    1412 |  20.9 |      24 |       5 |  17.2
     Lair:6 |   10645 |    6847 |  39.1 |      38 |      25 |  39.7
    Swamp:1 |    9596 |     410 |   4.1 |      23 |       3 |  11.5
    Swamp:2 |    5590 |       0 |   0.0 |      17 |       0 |   0.0
    Swamp:3 |   15558 |       0 |   0.0 |      35 |       0 |   0.0
    Swamp:4 |   12397 |   20403 |  62.2 |      33 |      29 |  46.8
    Snake:1 |   13831 |       0 |   0.0 |      29 |       0 |   0.0
    Snake:2 |   17366 |    5143 |  22.8 |      35 |      11 |  23.9
    Snake:3 |   33399 |    8212 |  19.7 |      51 |      12 |  19.0
    Snake:4 |   13408 |   23784 |  63.9 |      29 |      59 |  67.0
      Orc:1 |    3139 |       0 |   0.0 |      36 |       0 |   0.0
      Orc:2 |    2697 |   19953 |  88.1 |      30 |      40 |  57.1
   Vaults:1 |   23398 |   14131 |  37.7 |      46 |      22 |  32.4
   Vaults:2 |   32943 |   26939 |  45.0 |      66 |      41 |  38.3
   Vaults:3 |   40113 |   28152 |  41.2 |      56 |      41 |  42.3
   Vaults:4 |   17889 |    5264 |  22.7 |      29 |       8 |  21.6
   Depths:1 |   48233 |   10467 |  17.8 |      69 |      12 |  14.8
   Depths:2 |   47806 |   38805 |  44.8 |      60 |      18 |  23.1
   Depths:3 |       0 |   67373 | 100.0 |       0 |      97 | 100.0
   Depths:4 |    2378 |    9674 |  80.3 |       2 |       5 |  71.4
        Lab |       0 |     620 | 100.0 |       0 |       1 | 100.0
      Sewer |       0 |     111 | 100.0 |       0 |      24 | 100.0
    Volcano |       0 |    5081 | 100.0 |       0 |      20 | 100.0
            +---------+---------+-------+---------+---------+-------
